 Dungeon Crawl Stone Soup version 0.27-a0-394-g49c82dfaf2 (webtiles) character file.

Game seed: 1424747671328176059

209798 Tarl the Fencer (level 18, -18/168 HPs)
             Began as a Minotaur Berserker on Feb 20, 2021.
             Was a High Priest of Trog.
             Killed from afar by Ilsuiw (44 damage)
             ... with a shard of ice
             ... on level 3 of the Shoals on Feb 21, 2021.
             The game lasted 02:21:43 (37414 turns).

Tarl the Fencer (Minotaur Berserker)               Turns: 37414, Time: 02:21:44

Health: -18/168    AC: 25    Str: 29    XL:     18   Next: 16%
Magic:  27/27      EV: 11    Int: 13    God:    Trog [*****.]
Gold:   1408       SH: 36    Dex: 15    Spells: 17/17 levels left

rFire    + . .     SeeInvis .   a - +9 demon blade (elec)
rCold    . . .     Faith    .   U - +18 shield of the Gong {rElec rN+ Will+ EV-5}
rNeg     + . .     Spirit   .   I - +0 plate armour
rPois    +         Reflect  .   L - +3 hat of Pondering {ponderous, Will+ MP+10 Int+5}
rElec    +         Harm     .   K - +1 cloak
rCorr    .         Rampage  .   R - +3 pair of gauntlets of War {Slay+5}
Will     +++..                  s - +1 pair of boots
Stlth    ..........             (no amulet)
HPRegen  0.38/turn              V - +6 ring of strength
MPRegen  0.20/turn              X - ring of poison resistance

@: berserk cooldown, mesmerised, slowed, very slow
A: retaliatory headbutt, horns 2, large bone plates 1, agile 1, deformed body,
fire resistance 1
}: 1/15 runes: gossamer
a: Renounce Religion, Berserk, Trog's Hand, Brothers in Arms


You were on level 3 of the Shoals.
You worshipped Trog.
Trog was extremely pleased with you.
You visited 7 branches of the dungeon, and saw 31 of its levels.

You collected 3788 gold pieces.
You spent 2380 gold pieces at shops.

Inventory:

Hand Weapons
 a - a +9 demon blade of electrocution (weapon)
 b - the +5 long sword "Dereu" {flame, *Corrode +Blink rPois Str+4}
   (Trog gifted it to you on level 2 of the Orcish Mines)

   It has been specially enchanted to burn those struck by it, causing extra
   injury to most foes and up to half again as much damage against particularly
   susceptible opponents.
   Big, fiery blades are also staple armaments of hydra-hunters.
   It affects your strength (+4).
   It protects you from poison.
   It lets you blink.
   It may corrode you when you take damage.
 c - a +5 double sword of freezing
 d - a +7 vorpal demon blade
Missiles
 n - 6 javelins
 z - 7 curare-tipped darts
 D - 74 poisoned darts
 S - 2 silver boomerangs (quivered)
Armour
 s - a +1 pair of boots (worn)
 F - a +2 scale mail of cold resistance
 I - a +0 plate armour (worn)
 K - a +1 cloak (worn)
 L - the +3 hat of Pondering (worn) {ponderous, Will+ MP+10 Int+5}
   (You bought it in a shop on level 9 of the Dungeon)

   It affects your intelligence (+5).
   It affects your willpower, your defense against some magical effects.
   It affects your magic capacity (+10).
 R - the +3 pair of gauntlets of War (worn) {Slay+5}
   (You bought it in a shop on level 14 of the Dungeon)

   It affects your accuracy and damage with ranged weapons and melee attacks
   (+5).
 U - the +18 shield of the Gong (worn) {rElec rN+ Will+ EV-5}
   (You found it on level 9 of the Dungeon)

   It affects your evasion (-5).
   It insulates you from electricity.
   It protects you from negative energy.
   It affects your willpower, your defense against some magical effects.
Jewellery
 e - a ring of flight
 m - a +6 ring of strength
 v - an amulet of regeneration
 w - a ring of fire
 V - a +6 ring of strength (left hand)
 X - a ring of poison resistance (right hand)
Wands
 p - a wand of mindburst (62)
 q - a wand of paralysis (9)
 x - a wand of digging (7)
 N - a wand of acid (3)
 O - a wand of flame (45)
 Q - a wand of iceblast (3)
Scrolls
 f - 16 scrolls of identify
 g - 4 scrolls of blinking
 i - 5 scrolls of magic mapping
 l - 6 scrolls of teleportation
 t - 2 scrolls of fog
 u - 2 scrolls of fear
 G - a scroll of brand weapon
Potions
 h - 2 potions of heal wounds
 j - 2 potions of ambrosia
 k - 4 potions of haste
 o - a potion of resistance
 r - 9 potions of curing
 E - 4 potions of flight
 M - 3 potions of might
Miscellaneous
 y - a condenser vane


   Skills:
 + Level 16.5 Fighting
 * Level 20.1 Long Blades
 - Level 4.0 Throwing
 + Level 16.3 Armour
 + Level 15.2 Dodging
 + Level 13.1 Shields
 + Level 8.4 Evocations


You had 17 spell levels left.
You didn't know any spells.
Your spell library was empty.

Dungeon Overview and Level Annotations

Branches:
Dungeon (14/15)            Temple (1/1) D:7            Lair (6/6) D:8
 Shoals (3/4) Lair:2       Spider (4/4) Lair:3        Slime (0/5) Lair:6
    Orc (2/2) D:11            Elf (1/3) Orc:2        Vaults (0/5) D:14

Altars:
Ashenzari
Cheibriados
Dithmenos
Elyvilon
Fedhas
Gozag
Hepliaklqana
Kikubaaqudgha
Makhleb
Nemelex Xobeh
Okawaru
Qazlal
Ru
Sif Muna
Trog
Uskayaw
Vehumet
Wu Jian
Xom
Yredelemnul
Zin
The Shining One
Beogh

Shops:
D:4 ?   D:8 *   D:9 [   D:14 [   Orc:2 ((!!   Elf:1 :

Annotations:
Shoals:2 2 runed translucent doors, Xaruam's ghost, adept TeVM
Shoals:3 Ilsuiw
Spider:3 2 transporters


Innate Abilities, Weirdness & Mutations

You reflexively headbutt those who attack you in melee.
You have a pair of horns on your head.
You are partially covered in large bone plates. (SH +4)
You are agile. (Dex +2)
Armour fits poorly on your strangely shaped body.
Your flesh is heat resistant. (rF+)


Message History

The manticore claws you but does no damage.
You block the manticore's attack.
PANG!
The merfolk hits you but does no damage.
The merfolk siren chants a haunting song.
You resist with almost no effort.
You slash the water elemental! You headbutt the water elemental.
The water elemental is almost destroyed.
* * * LOW HITPOINT WARNING * * *
Your lungs strain for air!
The merfolk javelineer hits you but does no damage.
The merfolk avatar chants a haunting song.
You resist with almost no effort. You block the water elemental's attack.
BOUMMMMG!
You block the manticore's attack.
BOUMMMMG!
The manticore claws you but does no damage.
You block the manticore's attack.
GONNNNG!
Something hits you but does no damage. You block the merfolk's attack.
GONNNNG!
The merfolk siren chants a haunting song.
You resist with some effort.
You slash the water elemental!
You destroy the water elemental!
You gasp with relief as air once again reaches your lungs.
The merfolk siren chants its luring song.
The merfolk avatar chants a haunting song.
You resist with almost no effort.
You block the merfolk javelineer's attack.
GONNNNG!
You block the manticore's attack.
PANG!
You block the manticore's attack.
SHROANNG!
You block the manticore's attack.
PTOANNNG!
You hear some strange, mumbled words.
A shard of ice appears from out of thin air!
The shard of ice hits you!!!
You die...

≈≈≈≈≈≈≈≈≈≈....≈≈≈≈......
≈≈≈≈≈≈≈≈≈≈≈≈≈P≈≈≈≈≈≈≈...≈
≈≈≈≈≈≈≈≈≈≈≈≈≈P≈≈))≈≈≈≈≈≈≈
≈≈≈≈≈≈≈≈≈≈.≈)≈≈≈...E≈≈≈≈≈
≈≈≈≈≈≈≈≈≈###≈....###≈≈≈≈≈
≈≈≈≈≈≈≈≈.)##≈..### ≈≈≈
≈≈≈≈≈≈≈{.≈mmm≈)# ≈
≈≈≈≈≈≈≈≈≈Em)m)P# .≈≈≈
≈≈≈≈≈≈≈≈@HmEm.## ..≈≈≈
≈≈≈≈≈≈≈.###.### P≈≈≈≈
≈≈≈≈≈≈≈.# ### #.≈≈≈≈
≈≈≈≈≈≈≈.#### #..≈≈≈≈
≈≈≈≈≈≈≈≈...## ##PPP≈P≈≈
≈≈≈≈≈≈≈≈....# #PP≈P≈≈≈≈
≈≈≈≈≈≈≈≈≈..P# ##.≈≈PP≈≈≈
≈≈≈≈≈≈≈≈....###..P≈≈≈≈≈≈
≈≈≈≈≈≈≈≈≈≈≈.....≈P≈≈≈≈≈≈


You could see a merfolk avatar, a merfolk javelineer, 3 merfolk, a manticore, 2
water elementals and 2 merfolk sirens.

Vanquished Creatures
  Bai Suzhen (Shoals:3)
  Nikola (Spider:2)
  A kraken (Shoals:2)
  Kirke (D:12)
  A ghost moth (Spider:4)
  A deep elf sorcerer (Elf:1)
  Aizul (Spider:4)
  An orc warlord (Orc:2)
  Louise (Spider:1)
  3 emperor scorpions (Spider:4)
  Nessos (D:12)
  2 entropy weavers (Spider:2)
  4 spark wasps (Spider:4)
  A merfolk impaler (Shoals:3)
  Josephine (D:11)
  Snorg (D:13)
  3 catoblepae (Lair:6)
  A rakshasa (D:14)
  8 hydras
  Erolcha (D:13)
  3 centaur warriors
  Fannar (D:11)
  A boulder beetle (D:14)
  4 merfolk avatars
  An alligator snapping turtle (Shoals:1)
  9 death yaks
  6 dancing weapons
  A tengu warrior (D:14)
  3 two-headed ogres
  8 death scarabs (Spider:4)
  3 orc high priests (Orc:2)
  Urug (Lair:3)
  Sonja (Lair:6)
  2 deep elf knights (Elf:1)
  A spectral emperor scorpion (Spider:4)
  4 skeletal warriors (D:14)
  8 sea snakes
  3 deep elf archers (Elf:1)
  A wizard (D:14)
  4 orc knights (Orc:2)
  2 spectral wolf spiders (Spider:4)
  Pikel (D:4)
  21 deep elf zephyrmancers
  12 deep elf pyromancers
  3 harpies (Shoals:2)
  18 wolf spiders
  8 manticores
  3 ugly things
  4 wolf spider zombies (Spider:4)
  12 orb spiders
  6 orc sorcerers
  A necromancer (Lair:3)
  3 cyclopes
  A water nymph (Shoals:3)
  4 moths of wrath
  21 elephants
  5 black mambas
  Maurice (Orc:2)
  3 centaur zombies
  6 merfolk sirens
  A torpor snail (Lair:6)
  A gargoyle (D:12)
  15 cane toads
  14 demonic crawlers
  2 rime drakes
  2 spectral redbacks (Spider:4)
  3 kobold demonologists
  3 redback zombies (Spider:4)
  A tengu conjurer (D:14)
  10 komodo dragons
  13 polar bears
  39 jumping spiders
  5 trolls
  4 wind drakes
  8 hornets
  22 blink frogs
  7 merfolk
  Prince Ribbit (D:7)
  4 spectral tarantellas (Spider:4)
  9 dream sheep
  2 spectral jumping spiders (Spider:4)
  2 raiju (Lair:6)
  A tarantella zombie (Spider:4)
  6 slime creatures
  A jumping spider zombie (Spider:4)
  6 snapping turtles
  2 vampires
  Sigmund (D:3)
  4 water elementals
  24 tarantellas
  65 redbacks
  6 basilisks
  65 yaks
  6 wraiths
  A hog (D:12)
  6 wyverns
  6 vampire mosquitoes
  Grum (D:11)
  Edmund (D:5)
  9 wargs
  2 acid dragons
  15 hell hounds (Lair:6)
  16 water moccasins
  3 spectral hornets (Spider:4)
  A hornet zombie (Spider:4)
  4 sky beasts
  12 black bears
  4 ice beasts
  A necrophage (D:7)
  22 orc warriors
  12 ogres
  2 eyes of draining
  7 centaurs
  20 wolves
  3 lemures (D:4)
  2 kobold brigands
  A phantom (D:13)
  25 bullfrogs
  A wyvern zombie (D:13)
  2 wyvern skeletons
  An earth elemental (Elf:1)
  A water moccasin skeleton (D:3)
  4 scorpions
  8 wights
  7 electric eels
  4 bullfrog zombies
  2 quasits
  3 jellies
  11 orc priests
  5 centaur skeletons
  7 hounds
  A bullfrog skeleton (D:7)
  3 iguanas
  28 orc wizards
  12 worker ants
  Natasha (thrice) (D:2)
  3 yak simulacra (Lair:3)
  4 polar bear simulacra (Lair:3)
  3 wolf simulacra (Lair:3)
  3 hound skeletons
  13 gnolls
  12 adders
  A shadow imp (D:4)
  An ooze (D:4)
  An adder zombie (D:6)
  An adder skeleton (D:4)
  2 worms
  The ghost of dickylongcocking the Sneak, a weakling OpDe (D:4)
  4 dart slugs
  6 leopard geckos
  101 orcs
  A giant cockroach (D:1)
  5 goblins
  3 hobgoblins
  10 jackals
  16 kobolds
  2 quokkas
  A ball python (D:2)
  2 bats
  3 frilled lizards (D:2)
  A jackal skeleton (D:7)
  A leopard gecko zombie (D:5)
  8 rats
  A river rat simulacrum (Lair:3)
  4 tentacles (Shoals:2)
1083 creatures vanquished.

Vanquished Creatures (collateral kills)
  A ghost moth (Spider:2)
  A merfolk impaler (Shoals:3)
  2 merfolk (Shoals:3)
  A wind drake (Shoals:3)
  A water elemental (Shoals:3)
  A wyvern (Lair:6)
  A yak (Lair:6)
  A water moccasin (Lair:6)
9 creatures vanquished.

Vanquished Creatures (others)
  A deep elf knight (Elf:1)
  A deep elf pyromancer (Elf:1)
  A jumping spider (Spider:3)
  A water elemental (Elf:1)
  A scorpion (D:12)
  An orc priest (Orc:2)
  3 orcs
  38 fungi
  89 plants
  3 tentacles (Shoals:2)
139 creatures vanquished.

Grand Total: 1231 creatures vanquished

Notes
Turn   | Place    | Note
-------+----------+-------------------------------------------
     0 | D:1      | Tarl the Minotaur Berserker began the quest for the Orb.
     0 | D:1      | Reached XP level 1. HP: 19/19 MP: 0/0
   732 | D:1      | Reached XP level 2. HP: 24/27 MP: 1/1
  1185 | D:2      | Reached skill level 4 in Long Blades
  1469 | D:2      | Reached XP level 3. HP: 27/33 MP: 2/2
  1661 | D:2      | Reached ** piety under Trog
  1689 | D:2      | Found an iron altar of Okawaru.
  1689 | D:2      | Found a sacrificial altar of Ru.
  1695 | D:2      | Found a burning altar of Makhleb.
  1745 | D:2      | Found a stormy altar of Qazlal.
  2047 | D:2      | Reached skill level 1 in Throwing
  2207 | D:2      | Noticed Natasha
  2212 | D:2      | Killed Natasha
  2213 | D:2      | Reached XP level 4. HP: 26/40 MP: 3/3
  2343 | D:2      | Noticed Natasha
  2350 | D:2      | Killed Natasha
  2463 | D:2      | Noticed Natasha
  2474 | D:2      | Killed Natasha
  2475 | D:2      | Reached skill level 5 in Long Blades
  2967 | D:3      | Found a white marble altar of Elyvilon.
  3043 | D:3      | Reached XP level 5. HP: 46/47 MP: 4/4
  3173 | D:3      | Found a radiant altar of Vehumet.
  3174 | D:3      | Noticed Sigmund
  3184 | D:3      | Killed Sigmund
  3185 | D:3      | Reached XP level 6. HP: 37/53 MP: 5/5
  3362 | D:3      | Reached skill level 6 in Long Blades
  3811 | D:3      | Reached skill level 5 in Fighting
  4113 | D:4      | Reached XP level 7. HP: 59/61 MP: 6/6
  4426 | D:4      | Noticed Pikel
  4448 | D:4      | Killed Pikel
  4449 | D:4      | Reached skill level 7 in Long Blades
  4449 | D:4      | Reached skill level 5 in Armour
  4449 | D:4      | Reached XP level 8. HP: 45/70 MP: 7/7
  4585 | D:4      | Found Remuquas's Magic Scroll Shop.
  4682 | D:4      | Found a shimmering altar of Xom.
  4688 | D:4      | Found a transporter.
  4702 | D:4      | Found a transporter.
  4805 | D:4      | Bought a scroll of enchant weapon for 97 gold pieces
  4885 | D:4      | Found a runed translucent gate.
  4885 | D:4      | Found a runed translucent gate.
  5028 | D:4      | Found a runed translucent gate.
  5029 | D:4      | Identified the +12 short sword of the Foremost Yaks {venom,
                  | Int+2}
  5029 | D:4      | Noticed dickylongcocking's ghost (weakling OpDe)
  5124 | D:4      | Reached *** piety under Trog
  5235 | D:4      | Killed dickylongcocking's ghost
  5244 | D:4      | Reached skill level 8 in Long Blades
  5394 | D:5      | Entered Level 5 of the Dungeon
  5549 | D:5      | Noticed Edmund
  5555 | D:5      | Killed Edmund
  5556 | D:5      | Reached skill level 5 in Dodging
  6702 | D:6      | Found a shadowy altar of Dithmenos.
  6874 | D:6      | Reached skill level 9 in Long Blades
  6970 | D:6      | Reached **** piety under Trog
  7282 | D:6      | Reached XP level 9. HP: 78/78 MP: 8/8
  7523 | D:7      | Found a staircase to the Ecumenical Temple.
  7621 | D:7      | Noticed Prince Ribbit
  7629 | D:7      | Killed Prince Ribbit
  7915 | D:7      | Reached skill level 10 in Long Blades
  8067 | Temple   | Entered the Ecumenical Temple
  8364 | D:8      | Found a snail-covered altar of Cheibriados.
  8541 | D:8      | Found Gozag's Platinum Reserve.
  8542 | D:8      | Found an opulent altar of Gozag.
  8598 | D:8      | Noticed an elephant
  8617 | D:8      | Killed an elephant
  8853 | D:8      | Found a staircase to the Lair.
  9089 | D:9      | Reached skill level 11 in Long Blades
  9089 | D:9      | Reached XP level 10. HP: 89/89 MP: 9/9
  9354 | D:9      | Found a roughly hewn altar of Beogh.
  9361 | D:9      | Reached ***** piety under Trog
  9675 | D:9      | Found the +18 shield of the Gong {rElec rN+ Will+ EV-5}
  9746 | D:9      | Found Rerythaz's Armour Shoppe.
  9857 | D:10     | Entered Level 10 of the Dungeon
  9880 | D:10     | Received a gift from Trog
  9886 | D:10     | Reached skill level 1 in Shields
 10616 | D:10     | Reached skill level 12 in Long Blades
 10953 | D:11     | Noticed Grum
 10955 | D:11     | Noticed Josephine
 10967 | D:11     | Noticed a red ugly thing
 10978 | D:11     | Killed a red ugly thing
 10979 | D:11     | Killed Grum
 10987 | D:11     | Killed Josephine
 10988 | D:11     | Reached XP level 11. HP: 95/97 MP: 10/10
 11024 | D:11     | Noticed a red ugly thing
 11040 | D:11     | HP: 4/97 [orc priest/divine providence (11)]
 11117 | D:10     | Killed a red ugly thing
 11433 | D:11     | Noticed Fannar
 11619 | D:11     | Killed Fannar
 11620 | D:11     | Reached skill level 13 in Long Blades
 12141 | D:11     | Found a staircase to the Orcish Mines.
 12606 | D:12     | Reached skill level 10 in Fighting
 12754 | D:12     | Reached skill level 10 in Armour
 12835 | D:12     | Noticed Nessos
 12930 | Lair:1   | Entered Level 1 of the Lair of Beasts
 12932 | Lair:1   | Found a shimmering altar of Xom.
 13056 | Lair:1   | Gained mutation: You are agile. (Dex +2) [potion of
                  | mutation]
 13056 | Lair:1   | Gained mutation: You are partially covered in large bone
                  | plates. (SH +4) [potion of mutation]
 13056 | Lair:1   | Gained mutation: Your flesh is heat resistant. (rF+)
                  | [potion of mutation]
 13108 | Lair:1   | Noticed a four-headed hydra
 13125 | Lair:1   | Killed a four-headed hydra
 13126 | Lair:1   | Reached skill level 14 in Long Blades
 13429 | Lair:1   | Reached XP level 12. HP: 93/108 MP: 11/11
 14424 | Lair:2   | Noticed a five-headed hydra
 14434 | Lair:2   | Killed a five-headed hydra
 14434 | Lair:2   | Noticed a seven-headed hydra
 14445 | Lair:2   | Killed a seven-headed hydra
 14446 | Lair:2   | Reached skill level 10 in Dodging
 14882 | Lair:2   | Reached skill level 15 in Long Blades
 14897 | Lair:2   | Found a staircase to the Shoals.
 14926 | Lair:2   | Identified a scroll of acquirement
 14926 | Lair:2   | Acquired a +2 demon blade of electrocution
 15539 | Lair:3   | Noticed Urug
 15550 | Lair:3   | Killed Urug
 16090 | Lair:3   | Found a hole to the Spider Nest.
 16137 | Lair:3   | Found a basalt altar of Yredelemnul.
 16691 | Lair:4   | Reached XP level 13. HP: 106/117 MP: 12/12
 17060 | Lair:3   | Reached skill level 16 in Long Blades
 18330 | Lair:5   | Reached skill level 5 in Shields
 19063 | Lair:4   | Received a gift from Trog
 20433 | Lair:6   | Entered Level 6 of the Lair of Beasts
 20449 | Lair:5   | Reached XP level 14. HP: 117/129 MP: 13/13
 21454 | Lair:6   | Reached skill level 17 in Long Blades
 21509 | Lair:6   | Found a staircase to the Slime Pits.
 21621 | Lair:6   | Noticed Sonja
 21630 | Lair:6   | Killed Sonja
 21781 | Lair:6   | Reached skill level 1 in Evocations
 22226 | Lair:6   | Received a gift from Trog
 22283 | Lair:6   | Reached ****** piety under Trog
 23419 | Orc:1    | Entered Level 1 of the Orcish Mines
 23465 | Orc:1    | Reached XP level 15. HP: 123/137 MP: 14/14
 24100 | Orc:2    | Entered Level 2 of the Orcish Mines
 24118 | Orc:2    | Found a staircase to the Elven Halls.
 24132 | Orc:2    | Noticed Maurice
 24145 | Orc:2    | Killed Maurice
 24294 | Orc:2    | Noticed an orc warlord
 24319 | Orc:2    | Killed an orc warlord
 24526 | Orc:2    | Gained mutation: Armour fits poorly on your strangely
                  | shaped body. [a neqoxec]
 24660 | Orc:2    | Received a gift from Trog
 24663 | Orc:2    | Got an iridescent long sword {god gift}
 24721 | Orc:2    | Found Caomoab's Distillery.
 24721 | Orc:2    | Found Iteam's Antique Weapon Boutique.
 24731 | Orc:2    | Found Ashooskoc's Distillery.
 24731 | Orc:2    | Found Heegh's Weapon Shoppe.
 24759 | Orc:2    | Bought a potion of haste for 140 gold pieces
 24759 | Orc:2    | Bought a potion of heal wounds for 70 gold pieces
 24759 | Orc:2    | Bought a potion of heal wounds for 70 gold pieces
 25074 | Orc:2    | Identified the +5 long sword "Dereu" {flame, *Corrode
                  | +Blink rPois Str+4} (Trog gifted it to you on level 2 of
                  | the Orcish Mines)
 25223 | D:9      | Bought a +0 pair of gloves of stealth for 195 gold pieces
 25228 | D:9      | Bought the +3 hat of Pondering {ponderous, Will+ MP+10
                  | Int+5} for 647 gold pieces
 25228 | D:9      | Found the +3 hat of Pondering {ponderous, Will+ MP+10
                  | Int+5}
 25367 | D:12     | Noticed Kirke
 25382 | D:12     | Killed Kirke
 25424 | D:12     | Killed Nessos
 25921 | D:13     | Reached skill level 10 in Shields
 26038 | D:13     | Noticed Erolcha
 26047 | D:13     | Killed Erolcha
 26284 | D:13     | Received a gift from Trog
 26596 | D:13     | Noticed Snorg
 26603 | D:13     | Killed Snorg
 27208 | D:14     | Reached skill level 5 in Evocations
 27210 | D:14     | Reached skill level 18 in Long Blades
 27319 | D:14     | Found Zariaf's Armour Boutique.
 27331 | D:14     | Bought the +3 pair of gauntlets of War {Slay+5} for 665
                  | gold pieces
 27331 | D:14     | Found the +3 pair of gauntlets of War {Slay+5}
 27700 | D:14     | Found a gate to the Vaults.
 28245 | Elf:1    | Entered Level 1 of the Elven Halls
 28266 | Elf:1    | Received a gift from Trog
 28274 | Elf:1    | Reached XP level 16. HP: 146/147 MP: 15/15
 28331 | Elf:1    | Reached skill level 15 in Fighting
 28499 | Elf:1    | Found Baim's Book Shoppe.
 28849 | Elf:1    | Reached skill level 15 in Armour
 29491 | Orc:2    | Bought a +4 great sword of electrocution for 496 gold
                  | pieces
 29753 | Spider:1 | Entered Level 1 of the Spider Nest
 29820 | Lair:3   | Received a gift from Trog
 29821 | Lair:3   | Got a pitted eveningstar {god gift}
 30115 | Lair:3   | Identified the +6 eveningstar "Maikur" {vorpal, Str+3}
                  | (Trog gifted it to you on level 3 of the Lair of Beasts)
 30364 | Spider:1 | Identified the +10 tower shield of Calculation {Str+6 Int-4
                  | Dex+6}
 30364 | Spider:1 | Noticed Louise
 30377 | Spider:1 | Killed Louise
 31235 | Spider:2 | Noticed Nikola
 31247 | Spider:2 | Killed Nikola
 32077 | Spider:3 | Received a gift from Trog
 32336 | Spider:2 | Reached XP level 17. HP: 141/157 MP: 16/16
 32523 | Spider:3 | Reached skill level 19 in Long Blades
 32627 | Spider:3 | Found a transporter.
 32644 | Spider:3 | Found a transporter.
 32769 | Spider:4 | Entered Level 4 of the Spider Nest
 32845 | Spider:4 | Received a gift from Trog
 33408 | Spider:4 | Noticed Aizul
 33433 | Spider:4 | Killed Aizul
 33984 | Spider:4 | Received a gift from Trog
 34869 | Lair:1   | Acquired 820 gold pieces
 35391 | Spider:4 | Got a gossamer rune of Zot
 35601 | Shoals:1 | Entered Level 1 of the Shoals
 35649 | Shoals:1 | Reached skill level 15 in Dodging
 36428 | Shoals:2 | Received a gift from Trog
 36440 | Shoals:2 | Reached skill level 20 in Long Blades
 36440 | Shoals:2 | Reached XP level 18. HP: 103/168 MP: 17/17
 36802 | Shoals:2 | Found a large runed translucent door.
 36802 | Shoals:2 | Found a large runed translucent door.
 36804 | Shoals:2 | Noticed Xaruam's ghost (adept TeVM)
 37338 | Shoals:3 | Noticed Bai Suzhen
 37363 | Shoals:3 | Killed Bai Suzhen
 37370 | Shoals:3 | Noticed Ilsuiw
 37414 | Shoals:3 | Killed from afar by Ilsuiw

Illustrated notes

Levels and vault maps discovered:
D:1:      dpeg_arrival_refuge, layout_loops_corners, kennysheep_doodads,
          minmay_tree_intersection
D:2:      layout_basic, grunt_temple_overflow_cloverleaf, uniq_natasha
D:3:      layout_basic, lemuel_round_altar, vehumet_crystals,
          roderic_roman_lattice, uniq_sigmund
D:4:      cheibrodos_helix_gallery, layout_loops_ring,
          gammafunk_temple_overflow_arena, gammafunk_ghost_nasty_kobolds,
          serial_shops, nicolae_shop_waterfront, moated_statue,
          uniq_crazy_yiuf_cottage, uniq_pikel
D:5:      layout_loops_corners, uniq_edmund
D:6:      layout_basic, grunt_dithmenos_smoke_and_mirrors
D:7:      layout_basic, minmay_temple_entry_arrows, uniq_prince_ribbit1
D:8:      layout_loops_ring, nicolae_gozag_zags_fifth_avenue,
          cheibriados_altar_1, david_lair_generic
D:9:      layout_roguey, serial_shops, nicolae_shop_waterfront, special_room
          [special_room_orc]
D:10:     layout_rooms
D:11:     layout_basic, erik_orc_2, chequers_serial_rivers_large_a, uniq_grum,
          uniq_josephine, uniq_fannar
D:12:     layout_roguey, uniq_kirke, uniq_nessos
D:13:     layout_roguey, uniq_snorg, uniq_erolcha
D:14:     layout_irregular_city, david_vaults_1, serial_bayou,
          serial_bayou_pond_c, serial_bayou_pond_e, serial_bayou_pond_b,
          serial_bayou_pond_c, serial_shops, shop, chequers_serial_rivers_room_a
Temple:   nicolae_temple_hex_pool
Lair:1:   layout_cellular_growth, basic_altar
Lair:2:   layout_small_grid, minmay_shoals_entry_hut,
          nicolae_quartered_pool_little, minivault_19, grunt_megastairs_4
Lair:3:   layout_regular_city, nicolae_spider_entry_tight_spaces, basic_altar,
          eino_house_with_fridge, uniq_urug
Lair:4:   layout_gridlike, serial_bayou_shore_b
Lair:5:   layout_layer_cave
Lair:6:   hangedman_lair_in_review, layout_loops_ring,
          hangedman_lair_caniforms_friends, slime_dummy, grunt_megastairs_1,
          uniq_sonja
Shoals:1: layout_shoals
Shoals:2: layout_shoals, ebering_ghost_disaster_area
Shoals:3: layout_shoals, serial_shops, nicolae_shop_crystal, uniq_bai_suzhen,
          uniq_ilsuiw
Spider:1: layout_spider_delve, hangedman_spider_tarantella_strand, uniq_louise
Spider:2: layout_spider_delve, uniq_nikola
Spider:3: layout_spider_delve, gammafunk_ghost_berserking_beasts
Spider:4: floodkiller_spider_rune_tomb, uniq_aizul
Orc:1:    layout_diamond_mine, nooodl_orcs_dogs
Orc:2:    st_orc_elflike, layout_diamond_mine, uniq_maurice
Elf:1:    minmay_elf_arrival_circle, layout_gridlike, serial_shops,
          nicolae_shop_window_shopping, minmay_elf_sorcery, drop_trap,
          grunt_megastairs_3

Skill      XL: |  1  2  3  4  5  6  7  8  9 10 11 12 13 14 15 16 17 |
---------------+----------------------------------------------------+-----
Long Blades    | 4 5 6 7 9 11 12 14 15 16 17 18 20 | 20.1
Armour         | 3 4 5 6 7 9 10 11 12 13 14 15 16 | 16.3
Fighting       | 4 5 6 8 9 10 11 13 14 15 16 | 16.5
Throwing       | 1 2 3 4 |  4.0
Dodging        | 3 4 5 7 8 9 10 11 12 13 14 15 | 15.2
Shields        | 3 4 7 9 10 12 13 | 13.1
Evocations     | 2 5 6 8 |  8.4

Action                   |  1- 3 |  4- 6 |  7- 9 | 10-12 | 13-15 | 16-18 || total
-------------------------+-------+-------+-------+-------+-------+-------++-------
Melee: Falchion          |    73 |    80 |    81 |       |       |       ||   234
       Headbutt          |     8 |    17 |    48 |   160 |   319 |   230 ||   782
       Short sword       |       |       |   173 |   101 |    43 |       ||   317
       Long sword        |       |       |       |   444 |       |       ||   444
       Demon blade       |       |       |       |    98 |  1178 |   742 ||  2018
       Double sword      |       |       |       |       |       |    72 ||    72
Throw: Javelin           |     2 |     4 |       |     3 |       |       ||     9
       Dart              |       |       |     7 |       |     4 |     4 ||    15
       Boomerang         |       |       |       |     8 |    13 |    21 ||    42
Invok: Berserk           |       |     1 |     4 |     9 |     4 |     4 ||    22
       Trog's Hand       |       |     2 |     1 |     9 |     4 |     7 ||    23
       Brothers in Arms  |       |       |       |     1 |     1 |     2 ||     4
Evoke: Wand              |       |       |       |       |     1 |    43 ||    44
       Condenser vane    |       |       |       |       |       |     2 ||     2
  Use: Potion            |       |     1 |     2 |    11 |       |    11 ||    25
       Scroll            |       |     1 |     3 |    16 |    10 |    13 ||    43
Armor: Animal skin       |    17 |     1 |       |       |       |       ||    18
       Scale mail        |       |     9 |    79 |     9 |       |       ||    97
       Chain mail        |       |       |       |   187 |   214 |       ||   401
       Plate armour      |       |       |       |       |    70 |   359 ||   429
Dodge: Dodged            |    39 |    37 |   135 |    75 |   144 |   238 ||   668
Block: Kite shield       |       |       |       |   821 |  1620 |  1461 ||  3902
       Rpst.: Falchion   |    11 |    13 |     8 |       |       |       ||    32
       Long sword        |       |       |       |     5 |       |       ||     5
       Demon blade       |       |       |       |     1 |    30 |    35 ||    66
       Double sword      |       |       |       |       |       |     5 ||     5

Table legend: (Time is in decaauts)
 A = Elapsed time spent in this place.
 B = Non-inter-level travel time spent in this place.
 C = Inter-level travel time spent in this place.
 D = Time resting spent in this place.
 E = Time spent auto-exploring this place.
 F = Levels seen in this place.
 G = Mean time per level.
                   A        B        C        D        E       F      G
               +--------+--------+--------+--------+--------+-----+--------+
         Total |  37907 |  34998 |   2909 |   7761 |  20052 |  31 | 1222.8 |
       Dungeon |  16137 |  14854 |   1283 |   1901 |  10144 |  14 | 1152.6 |
        Temple |     91 |     71 |     20 |      0 |     71 |   1 |   91.0 |
          Lair |  11354 |  10628 |    726 |   3317 |   5293 |   6 | 1892.3 |
        Shoals |   1902 |   1820 |     82 |    361 |   1095 |   3 |  634.0 |
   Spider Nest |   5259 |   4867 |    392 |   1483 |   2297 |   4 | 1314.8 |
  Orcish Mines |   2345 |   1941 |    404 |    487 |    984 |   2 | 1172.5 |
   Elven Halls |    817 |    817 |      0 |    211 |    165 |   1 |  817.0 |
               +--------+--------+--------+--------+--------+-----+--------+

Top non-repeatable levels by time:
  Lair:3: 2141 daAuts
  Lair:2: 2071 daAuts
  Lair:6: 2022 daAuts
Spider:4: 1975 daAuts
     D:2: 1897 daAuts
  Lair:4: 1892 daAuts
  Lair:5: 1675 daAuts
Spider:2: 1650 daAuts
    D:10: 1617 daAuts
   Orc:2: 1596 daAuts
  Lair:1: 1550 daAuts
    D:11: 1466 daAuts
     D:4: 1411 daAuts
     D:5: 1160 daAuts
    D:13: 1135 daAuts
